 Dungeon Crawl Stone Soup version 0.16.2-12-gd0ad4c3 (webtiles) character file.

43 pigpen the Sneak (level 3, -1/16 HPs)
             Began as a Vine Stalker Enchanter on Oct 3, 2015.
             Slain by a worm (9 damage)
             ... on level 2 of the Dungeon.
             The game lasted 00:09:31 (1443 turns).

pigpen the Sneak (Vine Stalker Enchanter)           Turns: 1443, Time: 00:09:31

Health: -1/16      AC:  3    Str: 10    XL:     3   Next: 58%
Magic:  0/7        EV: 12    Int: 16    God:
Gold:   128        SH:  0    Dex: 14    Spells: 3 memorised, 0 levels left

rFire  . . .     SeeInvis .     a - +1 dagger
rCold  . . .     Clarity  .     b - +1 robe
rNeg   . . .     SustAb   .     (no shield)
rPois  .         Gourm    .     (no helmet)
rElec  .         Spirit   +     (no cloak)
rCorr  .         Warding  .     (no gloves)
rMut   .         Stasis   .     (no boots)
MR     .....                    (no amulet)
Stlth  +++.......               (no ring)
                                (no ring)

@: very slightly contaminated, not resistant to hostile enchantments, fairly
stealthy
A: fangs 2, regeneration 1, magic shield, antimagic bite, no device heal 3, rot
immunity
a: no special abilities


You were on level 2 of the Dungeon.
You were hungry.

You visited 1 branch of the dungeon, and saw 2 of its levels.

You collected 128 gold pieces.

Inventory:

Hand weapons
 a - a +1 dagger (weapon)
 l - a cursed -1 club
 p - a +0 club
 q - a +0 spear
 u - a +0 short sword
 x - a +0 short sword
Missiles
 j - 11 arrows of flame
 v - 7 tomahawks (quivered)
Armour
 b - a +1 robe (worn)
 k - a +0 ring mail
Scrolls
 e - 2 scrolls of teleportation {unknown}
 i - a scroll of identify {unknown}
 r - 2 scrolls of remove curse {unknown}
 t - a scroll of random uselessness {unknown}
 y - a scroll of fear {unknown}
Potions
 g - a potion of lignification {unknown}
 m - a potion of curing {unknown}
 n - a potion of heal wounds {unknown}
 o - a potion of agility {unknown}
 w - 2 potions of brilliance {unknown}
Books
 c - a book of Maledictions

   Spells                             Type                      Level
   a - Corona                         Hexes                        1
   b - Sure Blade                     Hexes/Charms                 2
   c - Ensorcelled Hibernation        Hexes/Ice                    2
   d - Confuse                        Hexes                        3
   e - Dazzling Spray                 Conjuration/Hexes            3
   f - Enslavement                    Hexes                        4
Comestibles
 d - 2 bread rations
 f - a chunk of flesh
 h - 2 meat rations
 s - 3 slices of pizza


   Skills:
 - Level 0.1 Fighting
 - Level 1.0 Short Blades
 - Level 1.7 Dodging
 + Level 4.4 Stealth
 - Level 2.2 Spellcasting
 * Level 3.8 Hexes


You couldn't memorise any spells.
You knew the following spells:

 Your Spells              Type           Power        Failure   Level  Hunger
a - Corona                Hex            ##.....      6%          1    #......
b - Dazzling Spray        Conj/Hex       #.......     34%         3    ###....
c - Ensorcelled Hibernat  Hex/Ice        #.....       17%         2    ###....


Dungeon Overview and Level Annotations

Branches:
Dungeon (2/15)

Altars:


Innate Abilities, Weirdness & Mutations

You have extremely sharp teeth.
Your natural rate of healing is unusually fast.
When hurt, damage is shared between your health and your magic reserves.
Your bite disrupts and absorbs the magic of your enemies.
Potions and wands cannot restore your health.
You are immune to rotting.


Message History

The worm is severely wounded.
The worm barely misses you.
You hit the worm.
The worm is severely wounded.
The worm barely misses you.
You hit the worm but do no damage.
The worm is severely wounded.
You hit the worm but do no damage. You bite the worm, but do no damage.
The worm is severely wounded.
The worm bites you but does no damage.
You hit the worm.
The worm is almost dead.
You hit the worm.
The worm is almost dead.
The worm closely misses you.
You hit the worm.
The worm is almost dead.
The worm bites you!
Ouch! That really hurt!
You die...

#........................#....
############.............#....
#.............#....
#............##....
#............##....
#............##....
#............##....
####............##....
#...w@..........##....
#.#################### ≈≈.#
#≈≈w# +...# +...# +...# #≈≈##
≈


You could see a worm.

Vanquished Creatures
  An adder (D:2)
  A ball python (D:1)
  6 bats
  3 giant cockroaches (D:1)
  5 hobgoblins
  3 kobolds (D:1)
  4 giant newts
  4 goblins
  6 rats
33 creatures vanquished.

Notes
Turn   | Place    | Note
--------------------------------------------------------------
     0 | D:1      | pigpen, the Vine Stalker Enchanter, began the quest for the Orb.
     0 | D:1      | Reached XP level 1. HP: 9/9 MP: 3/3
    59 | D:1      | Reached skill level 1 in Short Blades
    76 | D:1      | Reached XP level 2. HP: 13/13 MP: 5/5
   125 | D:1      | Reached skill level 4 in Stealth
   875 | D:1      | Reached XP level 3. HP: 16/16 MP: 7/7
  1180 | D:2      | Learned a level 3 spell: Dazzling Spray
  1183 | D:2      | Learned a level 2 spell: Ensorcelled Hibernation
  1443 | D:2      | Slain by a worm

Action                   || total
-------------------------++-------
Melee: Dagger            ||   131
Throw: Tomahawk          ||     1
 Cast: Corona            ||    25
       Ensorcelled Hiber ||     2
       Dazzling Spray    ||     2
  Eat: Chunk             ||     2
